 Dungeon Crawl Stone Soup version 0.21.2 (webtiles) character file.

11391 asishallab the Thaumaturge (level 11, -10/129 HPs)
             Began as a Gnoll Skald on Oct 6, 2018.
             Was an Elder of Yredelemnul.
             Killed from afar by a hell hound (13 damage)
             ... with a blast of flame
             ... led by Azrael
             ... on level 13 of the Dungeon.
             The game lasted 01:08:07 (14478 turns).

asishallab the Thaumaturge (Gnoll Skald)           Turns: 14478, Time: 01:08:09

Health: -10/129    AC: 15    Str: 18    XL:     11   Next: 77%
Magic:  29/32      EV: 17    Int: 17    God:    Yredelemnul [****..]
Gold:   817        SH:  0    Dex: 17    Spells: 8/26 levels left

rFire    . . .     SeeInvis .   a - +1 hand axe
rCold    . . .     Gourm    .   (no shield)
rNeg     . . .     Faith    .   g - +3 leather armour
rPois    +         Spirit   .   (no helmet)
rElec    .         Reflect  .   S - +0 cloak {rPois}
rCorr    .         Harm     .   v - +0 pair of gloves
MR       .....                  j - +1 pair of boots {Fly}
Stlth    ..........             (no amulet)
HPRegen  0.31/turn              K - ring of magical power
MPRegen  0.23/turn              w - +4 ring of protection

@: berserking (expiring), flying, very quick
A: distributed training, fangs 1, strong nose
a: Recall Undead Slaves, Injury Mirror, Animate Dead, Drain Life, Renounce
Religion, Stop Flying


You were on level 13 of the Dungeon.
You worshipped Yredelemnul.
Yredelemnul was greatly pleased with you.
You were not hungry.

You visited 1 branch of the dungeon, and saw 13 of its levels.
You also visited: Ossuary.

You collected 898 gold pieces.
You spent 81 gold pieces at shops.

Inventory:

Hand Weapons
 a - a +1 hand axe (weapon)
 b - a +6 hunting sling
 c - a +0 dagger of electrocution
 h - a +2 short sword of venom
 q - the +4 Vampire's Tooth {vamp}
   (You found it on level 6 of the Dungeon)

   It inflicts no extra harm, but heals its wielder when it wounds a living foe.
Missiles
 e - 11 curare-tipped needles
 f - 328 stones
 i - 110 sling bullets
 u - 2 needles of sleeping
 B - 5 javelins (quivered)
 E - 17 tomahawks
Armour
 g - a +3 leather armour (worn)
 j - a +1 pair of boots of flying (worn)
 v - a +0 pair of gloves (worn)
 S - a +0 cloak of poison resistance (worn)
Jewellery
 w - a +4 ring of protection (right hand)
 C - an uncursed ring of flight
 K - a ring of magical power (left hand)
 V - a cursed ring of protection from cold {unknown}
 W - an uncursed ring of protection from magic {unknown}
Wands
 k - a wand of clouds (6)
 l - a wand of digging (10)
 o - a wand of flame (20)
 y - a wand of random effects (29)
 I - a wand of iceblast (10)
 O - a wand of polymorph (6)
 T - a wand of acid (6)
Scrolls
 m - 3 scrolls of enchant armour
 n - a scroll of magic mapping
 r - 4 scrolls of teleportation
 x - 2 scrolls of vulnerability
 A - 6 scrolls of identify
 D - 2 scrolls of amnesia
 Q - a scroll of fog
 X - 2 scrolls of remove curse
 Y - a scroll of torment {unknown}
Potions
 p - 3 potions of flight
 s - 3 potions of brilliance
 t - 4 potions of might
 z - 2 potions of agility
 F - 3 potions of cancellation
 G - 4 potions of curing
 H - a potion of ambrosia
 J - a potion of heal wounds
 M - a potion of berserk rage
 P - 3 potions of haste
Books
 L - a book of Frost

   Spells                             Type                      Level
   a - Freeze                         Ice                          1
   b - Throw Frost                    Conjuration/Ice              2
   c - Ozocubu's Armour               Charms/Ice                   3
   d - Throw Icicle                   Conjuration/Ice              4
   e - Summon Ice Beast               Ice/Summoning                4
 N - a book of Minor Magic

   Spells                             Type                      Level
   a - Magic Dart                     Conjuration                  1
   b - Blink                          Translocation                2
   c - Call Imp                       Summoning                    2
   d - Slow                           Hexes                        2
   e - Conjure Flame                  Conjuration/Fire             3
   f - Mephitic Cloud                 Conjuration/Poison/Air       3
 U - a book of Cantrips

   Spells                             Type                      Level
   a - Confusing Touch                Hexes                        1
   b - Animate Skeleton               Necromancy                   1
   c - Summon Small Mammal            Summoning                    1
   d - Apportation                    Translocation                1
Miscellaneous
 R - a lamp of fire
Comestibles
 d - 5 rations
 Z - 2 chunks of flesh


   Skills:
 + Level 8.0 Fighting
 + Level 6.5 Short Blades
 + Level 6.5 Long Blades
 + Level 8.0 Axes
 + Level 6.5 Maces & Flails
 + Level 6.5 Polearms
 + Level 6.5 Staves
 + Level 6.5 Slings
 + Level 6.5 Bows
 + Level 6.5 Crossbows
 + Level 6.5 Throwing
 + Level 7.0 Armour
 + Level 8.0 Dodging
 + Level 6.5 Stealth
 + Level 6.5 Shields
 + Level 6.5 Unarmed Combat
 + Level 8.3 Spellcasting
 + Level 5.3 Conjurations
 + Level 5.3 Hexes
 + Level 7.8 Charms
 + Level 5.3 Summonings
 + Level 5.3 Necromancy
 + Level 5.3 Translocations
 + Level 5.3 Transmutations
 + Level 5.3 Fire Magic
 + Level 5.3 Ice Magic
 + Level 5.3 Air Magic
 + Level 5.3 Earth Magic
 + Level 5.3 Poison Magic
 + Level 7.1 Invocations
 + Level 6.5 Evocations


You had 8 spell levels left.
You knew the following spells:

 Your Spells              Type           Power        Failure   Level  Hunger
a - Infusion              Chrm           ####         1%          1    None
b - Shroud of Golubria    Chrm/Tloc      ####......   1%          2    None
c - Song of Slaying       Chrm           ####....     1%          2    None
d - Spectral Weapon       Hex/Chrm       ####....     2%          3    #......
e - Regeneration          Chrm/Necr      ####......   2%          3    #......
f - Blink                 Tloc           N/A          1%          2    None
g - Slow                  Hex            ####....     1%          2    None
h - Mephitic Cloud        Conj/Pois/Air  ####....     3%          3    #......


Dungeon Overview and Level Annotations

Branches:
Dungeon (13/15)            Temple (0/1) D:7            Lair (0/6) D:8
    Orc (0/2) D:11
 Vaults: D:13-14

Altars:
Ashenzari
Cheibriados
Dithmenos
Elyvilon
Fedhas
Hepliaklqana
Kikubaaqudgha
Makhleb
Nemelex Xobeh
Okawaru
Qazlal
Ru
Trog
Vehumet
Wu Jian
Yredelemnul
Zin
Beogh

Shops:
D:9 (   D:10 *


Innate Abilities, Weirdness & Mutations

Your experience applies equally to all skills.
You have very sharp teeth.
Your uncanny sense of smell can sniff out nearby items.


Message History

You barely miss the fire elemental.
The fire elemental is lightly damaged.
You miss the hell hound. The fire elemental hits you.
* * * LOW HITPOINT WARNING * * *
The fire elemental burns you!
* * * LOW HITPOINT WARNING * * *
The hell hound bites you.
* * * LOW HITPOINT WARNING * * *
You are too berserk!
Your skin stops crawling.
You see here a dagger.
You feel a strong urge to attack something.
The fire elemental hits you.
* * * LOW HITPOINT WARNING * * *
The fire elemental burns you!
* * * LOW HITPOINT WARNING * * *
The hell hound breathes flames at you. The blast of flame hits you!
You die...
Your body rises from the dead as a mindless zombie.

#.#.#..##.# .## .##
##..##.#..# ... ..
##.##..#.# #.# .#
#.......# #.##.# ###..####
#.#..# #####.# #.#.# #
##.###.# #...###.#.
###...##.########.........
.........?.....(@)........
###...##.########Eh.####..
..........# ##E.#
..........# ##E#
..........#### E§.
.............# .##.#
.............# .# #
...<.........# .#
..........#### ##


You could see 4 fire elementals and a hell hound.

Vanquished Creatures
  Azrael (D:13)
  A two-headed ogre (D:12)
  A cyclops (D:12)
  Grinder (D:3)
  A hippogriff (D:7)
  The ghost of Inarius the Bolt Thrower, an amateur KoHu of Jiyva (D:3)
  A yak (D:9)
  2 hungry ghosts
  2 vampire mosquitoes
  A hell hound (D:13)
  Duvessa (D:7)
  3 sky beasts
  4 ice beasts
  2 phantoms
  A necrophage (D:6)
  3 ogres
  A centaur (D:7)
  A bullfrog (D:3)
  A water moccasin zombie (Ossuary)
  Dowan (D:7)
  2 scorpions
  A wight (D:12)
  2 vampire bats (D:6)
  A crimson imp (D:6)
  6 hounds
  2 bullfrog skeletons (D:6)
  7 orc priests
  3 orc wizards
  A centaur skeleton (D:4)
  4 worker ants
  3 big kobold zombies (Ossuary)
  An ogre zombie (D:11)
  A hound zombie (D:11)
  2 mummies (Ossuary)
  A worker ant zombie (D:5)
  3 gnolls (D:5)
  A howler monkey skeleton (D:7)
  11 adders
  2 oozes
  An adder skeleton (D:6)
  5 adder zombies (Ossuary)
  3 worms
  2 dart slugs
  3 leopard geckos
  23 orcs
  A ball python (D:1)
  8 giant cockroaches
  10 goblins
  10 hobgoblins
  9 jackals
  5 quokkas
  11 bats
  4 frilled lizards
  4 gnoll zombies (Ossuary)
  5 hobgoblin zombies (Ossuary)
  A jackal skeleton (D:4)
  10 kobolds
  3 kobold zombies (Ossuary)
  A leopard gecko skeleton (D:7)
  6 orc zombies (Ossuary)
  A quokka zombie (D:5)
  7 rats
217 creatures vanquished.

Vanquished Creatures (collateral kills)
  Kirke (D:12)
  Erolcha (D:10)
  A centaur warrior (D:12)
  A two-headed ogre (D:12)
  Sonja (D:12)
  2 unseen horrors
  An ugly thing (D:12)
  A cyclops (D:11)
  2 hornets
  Prince Ribbit (D:13)
  A hippogriff (D:8)
  5 yaks
  2 hogs (D:12)
  A human (D:8)
  3 hungry ghosts
  A vampire mosquito (D:12)
  A soldier ant (D:12)
  An acid dragon (D:13)
  2 hell hounds (D:13)
  An ice beast (D:9)
  3 orc warriors
  2 ogres (D:12)
  4 phantoms
  A centaur (D:7)
  A crocodile (D:8)
  A big kobold (D:13)
  2 bullfrogs
  A scorpion (D:8)
  A jelly (D:10)
  8 killer bees
  4 wights (D:12)
  An electric eel (D:11)
  A crimson imp (D:9)
  4 bullfrog skeletons
  3 orc priests
  2 orc wizards
  An iguana (D:9)
  4 worker ants
  7 ogre zombies (D:11)
  2 shadow imps
  An adder skeleton (D:8)
  A leopard gecko (D:9)
  27 orcs
  2 jackals (D:8)
  2 goblin skeletons (D:11)
  2 goblin zombies (D:11)
  3 hobgoblin skeletons (D:11)
  2 hobgoblin zombies (D:11)
  A kobold (D:13)
  6 orc skeletons (D:11)
  10 orc zombies (D:11)
140 creatures vanquished.

Vanquished Creatures (others)
  An ugly thing zombie (D:12)
  A troll (D:12)
  15 flying skulls
  A wraith (D:12)
  A vampire (D:13)
  A two-headed ogre zombie (D:12)
  A vampire mosquito zombie (D:13)
  A hog zombie (D:12)
  A hippogriff zombie (D:7)
  A bullfrog (D:12)
  A centaur zombie (D:7)
  3 kobold zombies
  A worker ant (D:13)
  A killer bee zombie (D:8)
  An acid dragon zombie (D:13)
  A mummy (D:13)
  A scorpion zombie (D:8)
  A jackal zombie (D:8)
  3 orc zombies (D:8)
37 creatures vanquished.

Grand Total: 394 creatures vanquished

Notes
Turn   | Place    | Note
-------+----------+-------------------------------------------
     0 | D:1      | asishallab the Gnoll Skald began the quest for the Orb.
     0 | D:1      | Reached XP level 1. HP: 20/20 MP: 6/6
   227 | D:1      | Reached XP level 2. HP: 21/26 MP: 7/7
   234 | D:1      | Learned a level 2 spell: Shroud of Golubria
   237 | D:1      | Learned a level 2 spell: Song of Slaying
   468 | D:1      | Reached XP level 3. HP: 30/31 MP: 9/9
   481 | D:1      | Learned a level 3 spell: Spectral Weapon
   485 | D:1      | Learned a level 3 spell: Regeneration
   513 | D:1      | Reached skill level 5 in Spellcasting
   795 | D:2      | Reached skill level 1 in Invocations
  1002 | D:2      | Reached skill level 1 in Short Blades
  1002 | D:2      | Reached skill level 1 in Long Blades
  1002 | D:2      | Reached skill level 1 in Maces & Flails
  1002 | D:2      | Reached skill level 1 in Polearms
  1002 | D:2      | Reached skill level 1 in Staves
  1002 | D:2      | Reached skill level 1 in Slings
  1002 | D:2      | Reached skill level 1 in Bows
  1002 | D:2      | Reached skill level 1 in Crossbows
  1002 | D:2      | Reached skill level 1 in Throwing
  1002 | D:2      | Reached skill level 1 in Stealth
  1002 | D:2      | Reached skill level 1 in Shields
  1002 | D:2      | Reached skill level 1 in Unarmed Combat
  1002 | D:2      | Reached skill level 1 in Evocations
  1261 | D:2      | Found a basalt altar of Yredelemnul.
  1265 | D:2      | Reached XP level 4. HP: 31/38 MP: 11/11
  2179 | D:2      | Became a worshipper of Yredelemnul the Dark
  2197 | D:3      | Noticed a sky beast
  2201 | D:3      | Reached skill level 1 in Conjurations
  2201 | D:3      | Reached skill level 1 in Hexes
  2201 | D:3      | Reached skill level 1 in Summonings
  2201 | D:3      | Reached skill level 1 in Necromancy
  2201 | D:3      | Reached skill level 1 in Translocations
  2201 | D:3      | Reached skill level 1 in Transmutations
  2201 | D:3      | Reached skill level 1 in Fire Magic
  2201 | D:3      | Reached skill level 1 in Ice Magic
  2201 | D:3      | Reached skill level 1 in Air Magic
  2201 | D:3      | Reached skill level 1 in Earth Magic
  2201 | D:3      | Reached skill level 1 in Poison Magic
  2220 | D:3      | Killed a sky beast
  2220 | D:3      | Reached XP level 5. HP: 11/43 MP: 6/12
  2476 | D:3      | Found a burning altar of Makhleb.
  2481 | D:3      | Noticed a blizzard demon
  2485 | D:3      | Found a glowing silver altar of Zin.
  2485 | D:3      | Noticed an angel
  2553 | D:3      | Noticed Grinder
  2555 | D:3      | Paralysed by Grinder for 5 turns
  2577 | D:3      | Paralysed by Grinder for 5 turns
  2584 | D:3      | Noticed Inarius's ghost (amateur KoHu)
  2588 | D:3      | Found an ancient bone altar of Kikubaaqudgha.
  2645 | D:3      | Killed Inarius's ghost
  2645 | D:3      | Reached skill level 5 in Fighting
  2645 | D:3      | Reached skill level 5 in Axes
  2645 | D:3      | Reached skill level 5 in Dodging
  2645 | D:3      | Reached XP level 6. HP: 13/51 MP: 0/14
  3189 | D:3      | Found a shadowy altar of Dithmenos.
  3291 | D:3      | Paralysed by Grinder for 7 turns
  3694 | D:3      | Found a blossoming altar of Fedhas.
  3748 | D:3      | Killed Grinder
  3748 | D:3      | Reached XP level 7. HP: 33/56 MP: 3/15
  4140 | D:4      | Found a blossoming altar of Fedhas.
  4717 | D:4      | Reached XP level 8. HP: 63/63 MP: 16/16
  5236 | D:5      | Entered Level 5 of the Dungeon
  5551 | D:5      | Found a shadowy altar of Dithmenos.
  5578 | D:5      | Reached * piety under Yredelemnul
  5583 | D:5      | Found an iron altar of Okawaru.
  6103 | D:5      | Found an ornate altar of the Wu Jian Council.
  6367 | D:6      | Found a hazy altar of Hepliaklqana.
  6623 | D:6      | Reached XP level 9. HP: 68/68 MP: 11/18
  6773 | D:6      | Reached ** piety under Yredelemnul
  6923 | D:6      | Found the +4 Vampire's Tooth {vamp}
  7099 | D:6      | Found a sand-covered staircase.
  7112 | Ossuary  | Entered an ossuary
  7174 | Ossuary  | Reached skill level 5 in Armour
  7279 | Ossuary  | Reached *** piety under Yredelemnul
  7520 | Ossuary  | Identified a scroll of acquirement
  7673 | D:6      | Found a sacrificial altar of Ru.
  7701 | D:7      | Noticed Duvessa
  7701 | D:7      | Noticed Dowan
  7722 | D:7      | Killed Dowan
  7725 | D:7      | Killed Duvessa
  8260 | D:7      | Reached skill level 5 in Invocations
  8364 | D:7      | Noticed a hornet
  8400 | D:7      | Paralysed by a hornet for 1 turns
  8401 | D:7      | Killed a hornet
  8402 | D:7      | Received a gift from Yredelemnul (5 flying skulls)
  8484 | D:7      | Found a sparkling altar of Nemelex Xobeh.
  8575 | D:7      | Found a snail-covered altar of Cheibriados.
  8621 | D:7      | Found a staircase to the Ecumenical Temple.
  8701 | D:7      | Reached XP level 10. HP: 76/76 MP: 20/20
  8751 | D:7      | Found a shattered altar of Ashenzari.
  8791 | D:7      | Found a stormy altar of Qazlal.
  8808 | D:7      | Found a radiant altar of Vehumet.
  8953 | D:8      | Found a roughly hewn altar of Beogh.
  8954 | D:8      | Received a gift from Yredelemnul (5 flying skulls)
  9204 | D:8      | Found a bloodstained altar of Trog.
  9213 | D:8      | Found a staircase to the Lair.
  9289 | D:8      | Reached **** piety under Yredelemnul
  9291 | D:8      | Received a gift from Yredelemnul (a wraith)
  9377 | D:8      | Found a white marble altar of Elyvilon.
  9385 | D:8      | Reached skill level 5 in Short Blades
  9385 | D:8      | Reached skill level 5 in Long Blades
  9385 | D:8      | Reached skill level 5 in Maces & Flails
  9385 | D:8      | Reached skill level 5 in Polearms
  9385 | D:8      | Reached skill level 5 in Staves
  9385 | D:8      | Reached skill level 5 in Slings
  9385 | D:8      | Reached skill level 5 in Bows
  9385 | D:8      | Reached skill level 5 in Crossbows
  9385 | D:8      | Reached skill level 5 in Throwing
  9385 | D:8      | Reached skill level 5 in Stealth
  9385 | D:8      | Reached skill level 5 in Shields
  9385 | D:8      | Reached skill level 5 in Unarmed Combat
  9385 | D:8      | Reached skill level 5 in Evocations
  9993 | D:9      | Paralysed by a hornet for 3 turns
  9998 | D:9      | Received a gift from Yredelemnul (a mummy)
 10525 | D:9      | Found Sianop's Weapon Shop.
 10863 | D:9      | Learned a level 2 spell: Blink
 10866 | D:9      | Learned a level 2 spell: Slow
 10870 | D:9      | Learned a level 3 spell: Mephitic Cloud
 10914 | D:10     | Entered Level 10 of the Dungeon
 10991 | D:10     | Killed an unseen horror
 11194 | D:10     | Received a gift from Yredelemnul (5 flying skulls)
 11278 | D:10     | Found a sacrificial altar of Ru.
 11390 | D:10     | Noticed Erolcha
 11400 | D:10     | Killed Erolcha
 11595 | D:10     | Found Zaruseus's Assorted Antiques.
 11601 | D:10     | Bought a scroll of remove curse for 81 gold pieces
 11785 | D:10     | Found a sparkling altar of Nemelex Xobeh.
 11956 | D:11     | Found a staircase to the Orcish Mines.
 12608 | D:11     | Noticed a cyclops
 12620 | D:11     | Killed a cyclops
 12743 | D:12     | Noticed Sonja
 12759 | D:12     | Killed Sonja
 12759 | D:12     | Reached XP level 11. HP: 83/83 MP: 22/22
 12812 | D:12     | Noticed a centaur warrior
 12828 | D:12     | Killed a centaur warrior
 12989 | D:12     | Noticed a two-headed ogre
 13047 | D:12     | Killed a two-headed ogre
 13125 | D:12     | Noticed a two-headed ogre
 13134 | D:12     | Killed a two-headed ogre
 13134 | D:12     | Reached skill level 5 in Conjurations
 13134 | D:12     | Reached skill level 5 in Hexes
 13134 | D:12     | Reached skill level 5 in Summonings
 13134 | D:12     | Reached skill level 5 in Necromancy
 13134 | D:12     | Reached skill level 5 in Translocations
 13134 | D:12     | Reached skill level 5 in Transmutations
 13134 | D:12     | Reached skill level 5 in Fire Magic
 13134 | D:12     | Reached skill level 5 in Ice Magic
 13134 | D:12     | Reached skill level 5 in Air Magic
 13134 | D:12     | Reached skill level 5 in Earth Magic
 13134 | D:12     | Reached skill level 5 in Poison Magic
 13410 | D:12     | Noticed a purple ugly thing
 13449 | D:12     | Killed a purple ugly thing
 13804 | D:12     | Noticed a cyclops
 13830 | D:12     | Killed an unseen horror
 13834 | D:12     | Noticed Kirke
 13847 | D:12     | Noticed a manticore
 13851 | D:12     | Your ally Sonja died
 13858 | D:12     | Killed Kirke
 13872 | D:12     | Killed a cyclops
 13993 | D:13     | HP: 1/85 [troll (16)]
 14360 | D:13     | Noticed Prince Ribbit
 14413 | D:13     | Received a gift from Yredelemnul (a vampire)
 14427 | D:13     | Killed Prince Ribbit
 14443 | D:13     | Noticed Azrael
 14474 | D:13     | Killed Azrael
 14478 | D:13     | HP: 3/129 [fire elemental[Azrael] (10)]
 14478 | D:13     | Killed from afar by a hell hound

Skill      XL: |  1  2  3  4  5  6  7  8  9 10 11 |
---------------+----------------------------------+-----
Spellcasting   | 5 6 7 8 |  8.3
Invocations    | 1 2 3 4 5 6 7 |  7.1
Short Blades   | 1 2 3 4 5 6 |  6.5
Long Blades    | 1 2 3 4 5 6 |  6.5
Maces & Flails | 1 2 3 4 5 6 |  6.5
Polearms       | 1 2 3 4 5 6 |  6.5
Staves         | 1 2 3 4 5 6 |  6.5
Slings         | 1 2 3 4 5 6 |  6.5
Bows           | 1 2 3 4 5 6 |  6.5
Crossbows      | 1 2 3 4 5 6 |  6.5
Throwing       | 1 2 3 4 5 6 |  6.5
Stealth        | 1 2 3 4 5 6 |  6.5
Shields        | 1 2 3 4 5 6 |  6.5
Unarmed Combat | 1 2 3 4 5 6 |  6.5
Evocations     | 1 2 3 4 5 6 |  6.5
Conjurations   | 1 2 3 4 5 |  5.3
Hexes          | 1 2 3 4 5 |  5.3
Summonings     | 1 2 3 4 5 |  5.3
Necromancy     | 1 2 3 4 5 |  5.3
Translocations | 1 2 3 4 5 |  5.3
Transmutations | 1 2 3 4 5 |  5.3
Fire Magic     | 1 2 3 4 5 |  5.3
Ice Magic      | 1 2 3 4 5 |  5.3
Air Magic      | 1 2 3 4 5 |  5.3
Earth Magic    | 1 2 3 4 5 |  5.3
Poison Magic   | 1 2 3 4 5 |  5.3
Armour         | 3 4 5 6 7 |  7.0
Fighting       | 5 6 7 8 |  8.0
Axes           | 5 6 7 8 |  8.0
Dodging        | 5 6 7 8 |  8.0
Charms         | 6 7 |  7.8

Action                   |  1- 3 |  4- 6 |  7- 9 | 10-12 || total
-------------------------+-------+-------+-------+-------++-------
Melee: Hand axe          |    99 |   163 |   371 |   260 ||   893
       Bite              |     5 |    21 |    77 |    33 ||   136
       Punch             |       |       |    10 |     6 ||    16
       Short sword       |       |       |   138 |    10 ||   148
       Dagger            |       |       |     2 |       ||     2
       Unarmed           |       |       |       |    14 ||    14
 Fire: Hunting sling     |       |       |   112 |     7 ||   119
Throw: Stone             |    26 |     5 |     1 |       ||    32
       Javelin           |       |       |       |    11 ||    11
 Cast: Shroud of Golubri |     1 |    10 |    19 |    14 ||    44
       Regeneration      |     1 |    10 |    21 |    13 ||    45
       Infusion          |     1 |     4 |     1 |       ||     6
       Song of Slaying   |       |     3 |     7 |     7 ||    17
       Mephitic Cloud    |       |       |       |     2 ||     2
       Slow              |       |       |       |     2 ||     2
Invok: Animate Dead      |       |       |     5 |    32 ||    37
       Recall Undead Sla |       |       |     1 |     7 ||     8
       Animate Remains   |       |       |     1 |       ||     1
  Use: Scroll            |       |     8 |    12 |     6 ||    26
       Potion            |       |     4 |    10 |     3 ||    17
 Stab: Sleeping          |       |     3 |     1 |     5 ||     9
       Distracted        |       |       |     4 |     4 ||     8
  Eat: Chunk             |     1 |     8 |    13 |     2 ||    24
       Ration            |       |       |     3 |     9 ||    12
Armor: Leather armour    |    17 |    31 |   166 |   111 ||   325
Dodge: Dodged            |    70 |   128 |   412 |   279 ||   889
